 Dungeon Crawl Stone Soup version 0.22.1-2-g9c5b331383 (webtiles) character file.

6822 Gargoyl the Agent of Entropy (level 10, -14/83 HPs)
             Began as a Centaur Abyssal Knight on Nov 16, 2018.
             Was a Priest of Lugonu.
             Killed from afar by Erica (26 damage)
             ... with an orb of energy
             ... on level 1 of the Lair of Beasts on Nov 17, 2018.
             The game lasted 00:22:03 (11871 turns).

Gargoyl the Agent of Entropy (CeAK)                Turns: 11871, Time: 00:22:04

Health: -14/83     AC: 14    Str: 16    XL:     10   Next: 77%
Magic:  17/17      EV:  6    Int: 13    God:    Lugonu [***...]
Gold:   156        SH:  7    Dex: 11    Spells: 9/9 levels left

rFire    . . .     SeeInvis .   m - +5 hand axe
rCold    + . .     Gourm    .   q - +3 buckler
rNeg     . . .     Faith    .   o - +0 chain mail {rC+}
rPois    .         Spirit   .   (helmet restricted)
rElec    .         Reflect  .   (no cloak)
rCorr    .         Harm     .   l - +2 pair of gloves
MR       .....                  (no barding)
Stlth    ..........             (no amulet)
HPRegen  0.23/turn              (no ring)
MPRegen  0.15/turn              (no ring)

@: very quick
A: large, hooves 3, horns 1, slimy green scales 1, clever 1, deformed body,
speed 2, tough skin 3
a: Depart the Abyss, Bend Space, Banish, Renounce Religion


You were on level 1 of the Lair of Beasts.
You worshipped Lugonu.
Lugonu was most pleased with you.
You were not hungry.

You visited 2 branches of the dungeon, and saw 10 of its levels.
You visited the Abyss 1 time.
You also visited: Sewer.

You collected 596 gold pieces.
You spent 440 gold pieces at shops.

Inventory:

Hand Weapons
 a - a +1 hand axe
 d - a +1 vampiric hand axe
 m - a +5 hand axe (weapon)
 n - a +0 war axe
Missiles
 y - 6 javelins of returning (quivered)
Armour
 l - a +2 pair of gloves (worn)
 o - a +0 chain mail of cold resistance (worn)
 q - a +3 buckler (worn)
Wands
 e - a wand of disintegration (9)
 j - a wand of polymorph (18)
 t - a wand of iceblast (8)
Scrolls
 g - 7 scrolls of identify
 h - 6 scrolls of teleportation
 p - a scroll of fog
Potions
 b - a potion of agility
 i - 8 potions of curing
 k - a potion of resistance
 r - 2 potions of brilliance
 s - a potion of flight
 v - 5 potions of magic
Miscellaneous
 c - a lightning rod (2/4)
Comestibles
 f - 8 rations


   Skills:
 + Level 6.0 Fighting
 + Level 6.9 Axes
 + Level 0.2 Throwing
 * Level 7.2 Armour
 + Level 2.6 Dodging
 + Level 2.1 Shields
 * Level 10.2 Invocations
 + Level 0.7 Evocations


You had 9 spell levels left.
You didn't know any spells.
Your spell library contained the following spells:

 Spells                   Type           Power        Failure   Level  Hunger
 Apportation              Tloc           #.....       99%         1    ##.....
 Summon Butterflies       Summ           #.......     99%         1    ##.....
 Lesser Beckoning         Tloc           #.........   100%        3    ####...
 Tukima's Dance           Hex            #.......     100%        3    ####...
 Alistair's Intoxication  Tmut/Pois      #.......     100%        5    ######.
 Invisibility             Hex            #.......     100%        6    #######


Dungeon Overview and Level Annotations

Branches:
Dungeon (9/15)             Temple (0/1) D:6            Lair (1/6) D:9
    Orc (0/2) D:9

Altars:
Elyvilon
Qazlal
Yredelemnul
Zin
The Shining One

Shops:
D:8 }

Annotations:
Lair:1 Erica


Innate Abilities, Weirdness & Mutations

You have hooves in place of feet.
Armour fits poorly on your strangely shaped body.
You cover ground very quickly.
You have extremely tough skin. (AC +3)
You have a pair of small horns on your head.
You are partially covered in slimy green scales. (AC +2)
Your mind is acute. (Int +2)


Message History

Erica is heavily wounded.
Erica hits you with a scimitar of flaming.
Erica burns you.
You closely miss Erica.
Erica is heavily wounded.
Erica casts a spell at you. The orb of energy hits you!
* * * LOW HITPOINT WARNING * * *
The orb of energy explodes!
You hit Erica.
Erica is heavily wounded.
Erica screams, "I'll never tell where it is!"
Erica points at you and mumbles some strange words.
The bolt of poison hits you!
You are poisoned.
* * * LOW HITPOINT WARNING * * *
You feel better. Erica casts a spell at you. The orb of energy hits you!
You die...

#.......#........#
#.<.....#........#
#.......#........##
#...)...#........P#
...##.###.#........##
.....................#
....................##
.....................#
........#####.#.@...##
.###. ###..@..# #
#.....# #.....#
#.....# ......#
##.....# #$....#
#.....#


You could see Erica.

Vanquished Creatures
  Harold (D:7)
  4 death yaks (D:9)
  A yak (D:9)
  Menkaure (D:7)
  A water moccasin (Lair:1)
  Duvessa (D:7)
  2 sky beasts
  An ice beast (D:7)
  An orc warrior (D:7)
  2 ogres
  5 centaurs
  2 big kobolds (Sewer)
  5 scorpions
  Dowan (D:7)
  3 wights (D:6)
  5 howler monkeys
  3 crimson imps
  A bullfrog zombie (D:5)
  A centaur zombie (D:5)
  A jelly (D:5)
  2 hounds
  3 orc wizards
  4 orc priests
  A bullfrog skeleton (D:5)
  Jessica (D:3)
  A centaur skeleton (D:9)
  4 iguanas
  Ijyb (D:2)
  5 worker ants
  A hound skeleton (D:7)
  9 adders
  7 gnolls
  A howler monkey skeleton (D:4)
  2 shadow imps
  A white imp (D:5)
  6 oozes
  3 adder skeletons
  3 worms
  2 dart slugs
  4 leopard geckos
  17 orcs
  3 ball pythons (Sewer)
  13 giant cockroaches
  6 hobgoblins
  22 jackals
  21 kobolds
  5 quokkas
  7 bats
  6 frilled lizards
  7 goblins
  2 jackal skeletons (D:6)
  A quokka skeleton (D:4)
  6 rats
219 creatures vanquished.

Vanquished Creatures (others)
  A two-headed ogre (D:8)
  A crimson imp (D:6)
  A lurking horror (Abyss:2)
3 creatures vanquished.

Grand Total: 222 creatures vanquished

Notes
Turn   | Place    | Note
-------+----------+-------------------------------------------
     0 | Abyss:1  | Gargoyl the Centaur Abyssal Knight began the quest for the
                  | Orb.
     0 | Abyss:1  | Reached XP level 1. HP: 19/19 MP: 2/2
    76 | Abyss:1  | Found a corrupted altar of Lugonu.
    93 | Abyss:1  | Found a corrupted altar of Lugonu.
   236 | Abyss:2  | Noticed a bone dragon
   250 | Abyss:2  | Noticed a small abomination
   265 | Abyss:2  | Noticed a small abomination
   268 | D:1      | Escaped the Abyss
   278 | D:1      | Found a runed door.
   431 | D:1      | Reached * piety under Lugonu
   444 | D:1      | Reached XP level 2. HP: 14/26 MP: 3/3
   466 | D:1      | Reached XP level 3. HP: 16/31 MP: 4/4
   798 | D:1      | Found a glowing golden altar of the Shining One.
  1313 | D:2      | Reached ** piety under Lugonu
  1710 | D:2      | Reached XP level 4. HP: 38/38 MP: 5/5
  1867 | D:2      | Found a glowing silver altar of Zin.
  2192 | D:2      | Found a stormy altar of Qazlal.
  2222 | D:3      | Noticed Ijyb
  2248 | D:2      | Killed Ijyb
  2248 | D:2      | Reached skill level 1 in Dodging
  2379 | D:3      | Reached XP level 5. HP: 43/46 MP: 7/7
  2444 | D:3      | Found a white marble altar of Elyvilon.
  2493 | D:3      | Noticed Jessica
  2497 | D:3      | Killed Jessica
  2497 | D:3      | Reached skill level 3 in Invocations
  2705 | D:3      | Reached *** piety under Lugonu
  2899 | D:3      | Reached XP level 6. HP: 34/52 MP: 8/8
  3407 | D:4      | Found a glowing drain.
  3452 | Sewer    | Entered a sewer
  3580 | Sewer    | Reached XP level 7. HP: 50/59 MP: 9/9
  3723 | Sewer    | Reached **** piety under Lugonu
  3975 | D:4      | Reached skill level 4 in Invocations
  4033 | D:4      | Found a basalt altar of Yredelemnul.
  4184 | D:4      | Gained mutation: Your flesh is heat resistant. (rF+)
                  | [potion of mutation]
  4184 | D:4      | Gained mutation: Your magical capacity is low. (-10% MP)
                  | [potion of mutation]
  4184 | D:4      | Gained mutation: Your mind is acute. (Int +2) [potion of
                  | mutation]
  4469 | D:5      | Entered Level 5 of the Dungeon
  5267 | D:5      | Reached XP level 8. HP: 63/67 MP: 10/10
  5495 | D:5      | Reached skill level 1 in Shields
  6657 | D:6      | Found a staircase to the Ecumenical Temple.
  6722 | D:6      | Reached skill level 5 in Armour
  6783 | D:6      | Reached skill level 5 in Invocations
  6990 | D:6      | Reached skill level 5 in Axes
  7454 | D:7      | Reached skill level 5 in Fighting
  7454 | D:7      | Reached XP level 9. HP: 42/74 MP: 10/11
  7624 | D:7      | Noticed Dowan
  7625 | D:7      | Noticed Duvessa
  7631 | D:7      | Killed Dowan
  7648 | D:7      | Noticed Harold
  8134 | D:8      | Noticed a two-headed ogre
  8135 | D:8      | Banished a two-headed ogre
  8202 | D:8      | Reached skill level 6 in Invocations
  8364 | D:7      | Noticed Menkaure
  8377 | D:7      | Killed Menkaure
  8779 | D:7      | Killed Harold
  8811 | D:7      | Killed Duvessa
  9590 | D:8      | Found Nisich's Gadget Shoppe.
  9598 | D:8      | Bought a lightning rod (4/4) for 440 gold pieces
 10210 | D:9      | Noticed a death yak
 10988 | D:9      | Found a staircase to the Orcish Mines.
 10999 | D:9      | Noticed a death yak
 11017 | D:9      | Killed a death yak
 11017 | D:9      | Reached skill level 7 in Invocations
 11017 | D:9      | Reached XP level 10. HP: 83/83 MP: 12/14
 11020 | D:9      | Reached skill level 8 in Invocations
 11304 | D:9      | Lost mutation: Your magical capacity is low. (-10% MP)
                  | [potion of mutation]
 11304 | D:9      | Lost mutation: Your flesh is heat resistant. (rF+) [potion
                  | of mutation]
 11304 | D:9      | Gained mutation: You are partially covered in slimy green
                  | scales. (AC +2) [potion of mutation]
 11304 | D:9      | Gained mutation: You have a pair of small horns on your
                  | head. [potion of mutation]
 11392 | D:9      | Found a staircase to the Lair.
 11392 | D:9      | Noticed a death yak
 11393 | D:9      | Noticed a death yak
 11394 | D:9      | Noticed a death yak
 11418 | D:9      | Killed a death yak
 11418 | D:9      | Reached skill level 9 in Invocations
 11424 | D:9      | Killed a death yak
 11432 | D:9      | Killed a death yak
 11432 | D:9      | Reached skill level 10 in Invocations
 11721 | Lair:1   | Entered Level 1 of the Lair of Beasts
 11847 | Lair:1   | Noticed Erica
 11870 | Lair:1   | HP: 4/83 [Erica/bolt of poison (13)]
 11871 | Lair:1   | Killed from afar by Erica

Skill      XL: |  1  2  3  4  5  6  7  8  9 10 |
---------------+-------------------------------+-----
Axes           | 2 3 4 5 6 |  6.9
Armour         | 2 3 4 5 6 7 |  7.2
Dodging        | 1 2 |  2.6
Invocations    | 3 4 5 7 10 | 10.2
Fighting       | 4 5 6 |  6.0
Shields        | 1 2 |  2.1
Throwing       | |  0.2
Evocations     | |  0.7

Action                   |  1- 3 |  4- 6 |  7- 9 | 10-12 || total
-------------------------+-------+-------+-------+-------++-------
Melee: Hand axe          |   118 |   207 |   548 |    80 ||   953
       Kick              |    17 |    39 |   134 |    23 ||   213
       Headbutt          |       |       |       |    14 ||    14
Throw: Javelin           |       |       |     4 |     1 ||     5
Invok: Depart the Abyss  |     1 |       |       |       ||     1
       Banish            |       |       |    14 |       ||    14
       Bend Space        |       |       |     2 |     1 ||     3
Evoke: Lightning rod     |       |       |     4 |       ||     4
  Use: Scroll            |     2 |     1 |    21 |     1 ||    25
       Potion            |     3 |       |     6 |     6 ||    15
  Eat: Ration            |     1 |       |     2 |     1 ||     4
       Chunk             |     3 |     5 |    19 |       ||    27
Armor: Leather armour    |    82 |    17 |       |       ||    99
       Skin              |       |    20 |       |       ||    20
       Ring mail         |       |   127 |    36 |       ||   163
       Chain mail        |       |       |   207 |    21 ||   228
Dodge: Dodged            |    86 |   174 |   123 |    15 ||   398
Block: Buckler           |       |    13 |   139 |    16 ||   168
